 Dungeon Crawl Stone Soup version 0.31-a0-986-g5e6e4ef867 (webtiles) character file.

Game seed: 10175337344195163235

43243 Joad the Spear-Bearer (level 13, -26/103 HPs)
             Began as a Demonspawn Fighter on Nov 17, 2023.
             Was an Elder of Wu Jian.
             Killed from afar by an ironbound frostheart (27 damage)
             ... by creeping frost
             ... on level 2 of the Vaults.
             The game lasted 00:53:21 (20469 turns).

Joad the Spear-Bearer (Demonspawn Fighter)         Turns: 20469, Time: 00:53:22

Health: -26/103    AC: 26    Str: 28    XL:     13   Next: 89%
Magic:  0/13       EV: 13    Int:  7    God:    Wu Jian [****..]
Gold:   2455       SH: 12    Dex: 16    Spells: 12/12 levels left

rFire   . . .        d - +4 trident (drain)
rCold   . . .        L - +2 kite shield {AC+3}
rNeg    + . .        J - +6 plate armour of Saibloq {+Blink Int-2 Dex+3}
rPois   .            l - +0 helmet
rElec   .            (no cloak)
rCorr   .            (no gloves)
SInv    .            z - +0 pair of boots
Will    .....        t - amulet of faith
Stlth   +            h - +6 ring of strength
HPRegen 0.37/turn    o - ring of positive energy
MPRegen 0.26/turn

%: guardian spirit, faith
@: frozen, in a heavenly storm, glowing, very slow
A: ignite blood 3, augmentation 1, magic shield, magic regeneration, magic link,
demonic touch 2, camouflage 1
a: Renounce Religion, Evoke Blink, Wall Jump, Serpent's Lash


You were on level 2 of the Vaults.
You worshipped Wu Jian.
Wu Jian was greatly pleased with you.
You visited 3 branches of the dungeon, and saw 16 of its levels.
You also visited: Bailey.

You collected 2455 gold pieces.

Inventory:

Hand Weapons
 a - a +1 trident of venom
 d - a +4 trident of draining (weapon)
 w - a +0 broad axe
 M - a +0 arbalest
Missiles
 y - a throwing net (quivered)
Armour
 b - a +0 scale mail
 c - a +0 buckler
 g - an orb of wrath
 k - a +1 hat of willpower
 l - a +0 helmet (worn)
 q - a +0 chain mail
 r - an orb of energy
 x - a +1 plate armour
 z - a +0 pair of boots (worn)
 J - the +6 plate armour of Saibloq (worn) {+Blink Int-2 Dex+3}
   (You found it on level 11 of the Dungeon)

   Int-2:     It affects your intelligence (-2).
   Dex+3:     It affects your dexterity (+3).
   +Blink:    It lets you blink.
 K - a +0 kite shield
 L - a +2 kite shield of protection (worn)
Jewellery
 e - a ring of wizardry
 h - a +6 ring of strength (left hand)
 o - a ring of positive energy (right hand)
 t - an amulet of faith (around neck)
 u - a ring of ice
 G - a ring of flight
 N - a ring of magical power
 O - a ring of flight
 P - a ring of magical power
Wands
 v - a wand of light (15)
 A - a wand of flame (11)
 D - a wand of paralysis (12)
Scrolls
 i - a scroll of noise
 j - a scroll of vulnerability
 m - 5 scrolls of amnesia
 p - 2 scrolls of poison
 s - a scroll of revelation
 B - 2 scrolls of silence
 F - 7 scrolls of identify
Potions
 f - 2 potions of degeneration
 n - 2 potions of enlightenment
 C - a potion of attraction
 E - 2 potions of haste
 H - 2 potions of brilliance


   Skills:
 + Level 10.2 Fighting
 + Level 13.4 Polearms
 + Level 10.6 Armour
 + Level 4.0 Dodging
 * Level 10.6 Stealth
 + Level 7.0 Shields
 + Level 0.1 Unarmed Combat


You had 12 spell levels left.
You didn't know any spells.
Your spell library contained the following spells:

 Spells                   Type           Power      Damage    Failure   Level
 Shock                    Conj/Air       0%         1d3       100%        1
 Slow                     Hex            0%         N/A       100%        1
 Blink                    Tloc           0%         N/A       100%        2
 Cigotuvi's Dreadful Rot  Necr/Pois/Air  0%         N/A       100%        2
 Lesser Beckoning         Tloc           0%         N/A       100%        2
 Momentum Strike          Conj/Tloc      0%         3d8       100%        2
 Confusing Touch          Hex            0%         N/A       100%        3
 Sigil of Binding         Hex            0%         N/A       100%        3
 Tukima's Dance           Hex            0%         N/A       100%        3
 Vampiric Draining        Necr           0%         2d6       100%        3
 Brom's Barrelling Bould  Conj/Erth      0%         2d3       100%        4
 Dimensional Bullseye     Hex/Tloc       0%         N/A       100%        4
 Iskenderun's Mystic Bla  Conj/Tloc      0%         2d3       100%        4
 Leda's Liquefaction      Hex/Erth       0%         N/A       100%        4
 Lehudib's Crystal Spear  Conj/Erth      0%         10d2      100%        8
 Shatter                  Erth           0%         3d5*      100%        9


Dungeon Overview and Level Annotations

Branches:
Dungeon (13/15)            Temple (1/1) D:4            Lair (0/5) D:10
 Vaults (2/5) D:13         Bailey (visited)
    Orc: D:9-12       Crypt: Vaults:2-3

Altars:
Ashenzari
Cheibriados
Dithmenos
Fedhas
Gozag
Hepliaklqana
Kikubaaqudgha
Makhleb
Nemelex Xobeh
Okawaru
Qazlal
Ru
Sif Muna
Trog
Uskayaw
Vehumet
Wu Jian
Xom
Yredelemnul

Shops:
D:5 !   D:12 =

Annotations:
D:7 Joseph


Innate Abilities, Weirdness & Mutations

Your demonic aura causes all spilled blood to erupt in flames.
Your magical and physical power is slightly enhanced at high health.
When hurt, damage is shared between your health and your magic reserves.
You regenerate magic rapidly.
When low on magic, you restore magic in place of health.
Your touch may inflict irresistible damage on your foes.
Your skin changes colour to match your surroundings (Stealth+).


Message History

You puncture the ironbound preserver! You drain the ironbound preserver.
The ironbound preserver is almost dead.
You impale the ironbound preserver!!
You kill the ironbound preserver!
The Council accepts your kill.
There is a stone staircase leading up here.
You puncture the stone giant!
The stone giant is heavily wounded.
You hear a roar!
The stone giant hits you but does no damage.
You hear a roar!
You puncture the stone giant!
The stone giant is severely wounded.
You hit the stone giant.
The stone giant is severely wounded.
You block the stone giant's attack.
The ironbound frostheart is engulfed in blazing flames.
The ironbound frostheart closely misses you.
You hit the stone giant but do no damage.
You drain the stone giant.
The stone giant is severely wounded.
The stone giant hits you but does no damage.
The ironbound frostheart is engulfed in blazing flames.
The ironbound frostheart calls freezing cold from the walls.
The frost grips you but does no damage.
You are encased in ice.
The yaktaur captain is engulfed in blazing flames.
The yaktaur captain unwields a +0 arbalest.
You block the yaktaur captain's attack.
You fail to use your ability.
The stone giant completely misses you.
The ironbound frostheart is engulfed in blazing flames.
The ironbound frostheart calls freezing cold from the walls.
The frost grips you.
* * * LOW HITPOINT WARNING * * *
The yaktaur captain is engulfed in blazing flames.
The yaktaur captain misses you. You block the stone giant's attack.
The ironbound frostheart is engulfed in blazing flames.
The ironbound frostheart calls freezing cold from the walls.
The frost grips you!!
You die...

#. .# ..# #..#
...#... .#.#. #
#...#.# ○○°.
###°### #☼cpC°#
#....#°@§#....#
#### ##§## ###
###


You could see a stone giant (drained), a yaktaur captain and an ironbound
frostheart.

Vanquished Creatures
  Jorgrun (D:12)
  Frances (D:12)
  An ironbound preserver (Vaults:2)
  A formless jellyfish (Vaults:1)
  3 dire elephants (Vaults:1)
  A yaktaur captain (Vaults:1)
  10 vault guards
  2 centaur warriors (D:13)
  2 boulder beetles
  An ironbound frostheart (Vaults:1)
  3 two-headed ogres
  2 tengu warriors (D:13)
  Urug (D:13)
  Lodul (D:12)
  2 arcanists (D:10)
  2 ironbound convokers
  2 lindwurms (Vaults:1)
  Pikel (D:4)
  3 deep elf pyromancers
  3 ugly things
  2 cyclopes (D:13)
  2 manticores
  A gargoyle (D:11)
  Psyche (D:11)
  Jeremiah (D:8)
  4 kobold demonologists
  A komodo dragon (D:12)
  6 yaktaurs (Vaults:1)
  2 trolls
  3 hornets
  Prince Ribbit (Bailey)
  9 slime creatures
  3 shadows
  5 yaks
  A wyvern (D:7)
  A vampire (D:11)
  Grum (D:8)
  5 humans (Bailey)
  10 vampire mosquitoes
  4 water moccasins
  A black bear (D:8)
  5 orc warriors
  3 ice beasts
  3 wolves (D:8)
  6 centaurs
  8 ogres
  A lemure (D:4)
  3 kobold brigands
  14 bullfrogs
  3 scorpions
  10 wights
  5 killer bees (D:9)
  5 howler monkeys
  2 jellies (D:4)
  A hound (D:6)
  16 orc priests
  Jessica (D:3)
  A gnoll bouda (D:10)
  5 iguanas
  13 orc wizards
  8 adders
  3 gnolls (D:10)
  2 shadow imps
  2 white imps
  2 worms (D:3)
  4 dart slugs
  44 orcs
  12 endoplasms
  4 giant cockroaches
  10 goblins
  10 hobgoblins
  4 jackals (D:1)
  11 kobolds
  3 quokkas
  7 ball pythons
  2 bats
  3 frilled lizards
  A rat (D:1)
  A spectral weapon (D:7)
345 creatures vanquished.

Notes
Turn   | Place    | Note
-------+----------+-------------------------------------------
     0 | D:1      | Joad the Demonspawn Fighter began the quest for the Orb.
     0 | D:1      | Reached XP level 1. HP: 18/18 MP: 1/1
   141 | D:1      | Gained mutation: Your demonic aura sometimes causes spilled
                  | blood to erupt in flames. [demonic ancestry]
   141 | D:1      | Reached XP level 2. HP: 24/24 MP: 2/2
   412 | D:1      | Found a faded altar of an unknown god.
   435 | D:1      | Reached skill level 2 in Polearms
   444 | D:1      | Prayed at the altar of an unknown god.
   444 | D:1      | Became a worshipper of the Wu Jian Council
   444 | D:1      | Reached * piety under Wu Jian
   456 | D:1      | Gained mutation: You regenerate magic rapidly. [demonic
                  | ancestry]
   456 | D:1      | Reached XP level 3. HP: 29/29 MP: 3/3
  1181 | D:3      | Gained mutation: Your demonic aura often causes spilled
                  | blood to erupt in flames. [demonic ancestry]
  1181 | D:3      | Reached XP level 4. HP: 37/37 MP: 4/4
  1338 | D:3      | Reached skill level 3 in Polearms
  1345 | D:3      | Reached ** piety under Wu Jian
  1574 | D:3      | Noticed Jessica
  1581 | D:3      | Killed Jessica
  1582 | D:3      | Gained mutation: Your demonic aura causes all spilled blood
                  | to erupt in flames. [demonic ancestry]
  1582 | D:3      | Reached XP level 5. HP: 22/42 MP: 5/5
  2104 | D:4      | Found a staircase to the Ecumenical Temple.
  2486 | D:4      | Noticed Pikel
  2486 | D:4      | Noticed a lemure
  2486 | D:4      | Noticed a lemure
  2487 | D:4      | Noticed a lemure
  2487 | D:4      | Noticed a lemure
  2506 | Temple   | Entered the Ecumenical Temple
  2630 | D:4      | Reached skill level 4 in Polearms
  2630 | D:4      | Gained mutation: When hurt, damage is shared between your
                  | health and your magic reserves. [demonic ancestry]
  2630 | D:4      | Reached XP level 6. HP: 48/48 MP: 6/6
  2649 | D:4      | Found a shadowy altar of Dithmenos.
  2650 | D:4      | Found a hide-covered altar of Uskayaw.
  2650 | D:4      | Found an ornate altar of the Wu Jian Council.
  2655 | D:4      | Found a hazy altar of Hepliaklqana.
  2690 | D:4      | Reached skill level 1 in Dodging
  2764 | D:4      | Killed Pikel
  2765 | D:4      | Reached skill level 5 in Polearms
  2765 | D:4      | Reached skill level 1 in Stealth
  2765 | D:4      | Reached XP level 7. HP: 36/55 MP: 7/7
  3224 | D:5      | Entered Level 5 of the Dungeon
  3385 | D:5      | Gained mutation: You sometimes lose your temper in combat.
                  | [potion of mutation]
  3385 | D:5      | Gained mutation: You are weak. (Str -2) [potion of
                  | mutation]
  3385 | D:5      | Gained mutation: You are agile. (Dex +4, Str/Int -1)
                  | [potion of mutation]
  3409 | D:5      | Gained mutation: Your touch may inflict minor irresistible
                  | damage on your foes. [demonic ancestry]
  3409 | D:5      | Reached XP level 8. HP: 55/61 MP: 8/8
  3432 | D:5      | Reached skill level 5 in Fighting
  3479 | D:5      | Reached skill level 6 in Polearms
  3490 | D:5      | Reached *** piety under Wu Jian
  3628 | D:5      | Found Nogush's Distillery.
  4616 | D:6      | Reached skill level 5 in Armour
  5122 | D:6      | Reached skill level 7 in Polearms
  5398 | D:6      | You fall into a shaft and drop 1 floor!
  5414 | D:7      | Found a radiant altar of Vehumet.
  5415 | D:7      | Found a shimmering blue altar of Sif Muna.
  5487 | D:7      | Gained mutation: When low on magic, you restore magic in
                  | place of health. [demonic ancestry]
  5487 | D:7      | Reached XP level 9. HP: 40/69 MP: 9/9
  5497 | D:7      | HP: 2/69 [poisoned by an orc wizard]
  6285 | D:7      | Reached **** piety under Wu Jian
  6313 | D:7      | Noticed Joseph
  6466 | D:8      | Noticed Grum
  6589 | D:8      | Killed Grum
  7103 | D:8      | Noticed Jeremiah
  7271 | D:8      | Killed Jeremiah
  7272 | D:8      | Reached skill level 8 in Polearms
  7341 | D:8      | Noticed a two-headed ogre
  7348 | D:8      | Killed a two-headed ogre
  7349 | D:8      | Gained mutation: Your touch may inflict irresistible damage
                  | on your foes. [demonic ancestry]
  7349 | D:8      | Reached XP level 10. HP: 77/77 MP: 10/10
  7376 | D:8      | Reached skill level 5 in Stealth
  8531 | D:9      | Found a flagged portal.
  8628 | Bailey   | Entered a bailey
  8662 | Bailey   | Reached ***** piety under Wu Jian
  8844 | Bailey   | Reached skill level 9 in Polearms
  8857 | Bailey   | Noticed a vault guard
  8857 | Bailey   | Noticed Prince Ribbit
  8878 | Bailey   | Killed a vault guard
  8883 | Bailey   | Killed Prince Ribbit
  9205 | Bailey   | Noticed a vault guard
  9225 | Bailey   | HP: 2/79 [vault guard/+0 broad axe (5)]
  9226 | Bailey   | Killed a vault guard
  9591 | Bailey   | Identified a scroll of acquirement
  9591 | Bailey   | Acquired 1218 gold pieces
  9649 | Bailey   | Gained mutation: Your magical and physical power is
                  | slightly enhanced at high health. [demonic ancestry]
  9649 | Bailey   | Reached XP level 11. HP: 82/84 MP: 11/11
 10070 | D:10     | Identified the "Horef"
 10070 | D:10     | Identified the "Wity"
 10070 | D:10     | Identified the "Zyb Bofics"
 10070 | D:10     | Entered Level 10 of the Dungeon
 10781 | D:10     | Noticed a deep elf pyromancer
 10781 | D:10     | Noticed an arcanist
 10783 | D:10     | Noticed an arcanist
 10789 | D:10     | Killed an arcanist
 10789 | D:10     | Killed a deep elf pyromancer
 10790 | D:10     | Reached skill level 10 in Polearms
 10790 | D:10     | Reached skill level 5 in Shields
 10797 | D:10     | Killed an arcanist
 10969 | D:10     | Noticed a deep elf pyromancer
 10974 | D:10     | Killed a deep elf pyromancer
 11282 | D:10     | Found a staircase to the Lair.
 12384 | D:11     | Identified the of Nymnoh
 12465 | D:11     | Identified the +6 plate armour of Saibloq {+Blink Int-2
                  | Dex+3}
 12775 | D:11     | Noticed a boulder beetle
 12812 | D:11     | Killed a boulder beetle
 13130 | D:11     | Noticed Psyche
 13152 | D:11     | Killed Psyche
 13559 | D:11     | Reached skill level 11 in Polearms
 13632 | D:11     | Found a shimmering blue altar of Sif Muna.
 13764 | D:12     | Noticed Lodul
 13778 | D:12     | Reached XP level 12. HP: 94/94 MP: 12/12
 13787 | D:12     | Killed Lodul
 14372 | D:12     | Noticed a two-headed ogre
 14378 | D:12     | Killed a two-headed ogre
 14381 | D:12     | Noticed Jorgrun
 14413 | D:12     | Killed Jorgrun
 14834 | D:12     | Noticed a two-headed ogre
 14837 | D:12     | Noticed a boulder beetle
 14838 | D:12     | Killed a two-headed ogre
 14863 | D:12     | Killed a boulder beetle
 14876 | D:12     | Found Vihud's Jewellery Shop.
 15119 | D:12     | Noticed Frances
 15127 | D:12     | Killed Frances
 15300 | D:12     | Reached skill level 12 in Polearms
 15948 | D:13     | Found a gate to the Vaults.
 15948 | D:13     | Noticed a vault guard
 15948 | D:13     | Noticed a vault guard
 15948 | D:13     | Noticed a vault guard
 15948 | D:13     | Noticed a vault guard
 15948 | D:13     | Noticed a vault guard
 15949 | D:13     | Noticed a vault guard
 15949 | D:13     | Noticed a vault guard
 15950 | D:13     | Noticed a vault guard
 15972 | D:13     | Killed a vault guard
 15975 | D:13     | Killed a vault guard
 15983 | D:13     | Killed a vault guard
 15992 | D:13     | Killed a vault guard
 15999 | D:13     | Killed a vault guard
 16000 | D:13     | Reached XP level 13. HP: 86/101 MP: 8/13
 16667 | D:13     | Reached skill level 10 in Armour
 17197 | D:13     | Reached skill level 10 in Stealth
 17418 | D:13     | Lost mutation: You sometimes lose your temper in combat.
                  | [potion of mutation]
 17418 | D:13     | Lost mutation: You are weak. (Str -2) [potion of mutation]
 17418 | D:13     | Lost mutation: You are agile. (Dex +4, Str/Int -1) [potion
                  | of mutation]
 17418 | D:13     | Gained mutation: Your skin changes colour to match your
                  | surroundings (Stealth+). [potion of mutation]
 17489 | D:13     | Noticed Urug
 17498 | D:13     | Killed Urug
 17877 | Vaults:1 | Entered Level 1 of the Vaults
 17898 | Vaults:1 | Noticed a dire elephant
 17898 | Vaults:1 | Noticed a dire elephant
 17898 | Vaults:1 | Noticed a dire elephant
 17906 | Vaults:1 | Killed a dire elephant
 17907 | Vaults:1 | Reached skill level 13 in Polearms
 17914 | Vaults:1 | Killed a dire elephant
 17921 | Vaults:1 | Killed a dire elephant
 18598 | Vaults:1 | Noticed a formless jellyfish
 18609 | Vaults:1 | Paralysed by a formless jellyfish for 1 turns
 18615 | Vaults:1 | Reached skill level 10 in Fighting
 18615 | Vaults:1 | Killed a formless jellyfish
 20448 | Vaults:2 | Noticed a stone giant
 20450 | Vaults:2 | Noticed an ironbound preserver
 20460 | Vaults:2 | HP: 4/103 [ironbound frostheart/creeping frost (14)]
 20463 | Vaults:2 | Killed an ironbound preserver
 20468 | Vaults:2 | HP: 1/103 [ironbound frostheart/creeping frost (1)]
 20469 | Vaults:2 | Killed from afar by an ironbound frostheart

Illustrated notes

Levels and vault maps discovered:
D:1:      evilmike_arrival_plus, layout_loops_ring,
          shapermc_ecumenical_altar_starsandcircs
D:2:      layout_loops_ring
D:3:      layout_basic, chequers_serial_rivers_large_a, kennysheep_jessica_study
D:4:      minmay_general_purpose_star, layout_basic, minitemple,
          minmay_temple_entry_sparse_star, guppyfry_early_lair_pool, uniq_pikel
D:5:      layout_loops_ring, serial_shops, kennysheep_mini, glass_columns_b,
          minivault_19
D:6:      layout_gridville, nicolae_tricolors
D:7:      layout_basic, nicolae_overflow_squiral, uniq_joseph
D:8:      layout_basic, uniq_jeremiah, uniq_grum
D:9:      layout_basic, orc_0_dummy, enter_bailey_5, kennysheep_pointless_box,
          worms_lemuel
D:10:     layout_layer_cave, due_lair_maze_entry_diamond,
          bh_hangedman_babel_library
D:11:     layout_irregular_city, led_sif_book, uniq_psyche
D:12:     layout_loops_ring, serial_shops, shop, uniq_jorgrun, uniq_lodul,
          uniq_frances
D:13:     layout_stronghold, erik_vaults_2, amethyst_killhole, uniq_urug
Temple:   regret_index_temple_sphere_string
Vaults:1: v_misc_24, ontoclasm_vaults_idyll, nicolae_vaults_little_squares_4,
          ontoclasm_vaults_spin, nicolae_vaults_gold_heap,
          nicolae_vaults_little_squares_2, layout_vaults_omnigrid
Vaults:2: nicolae_vaults_weapon_check, hangedman_vaults_variations,
          nicolae_vaults_diamond_1, nicolae_vaults_triangles,
          nicolae_vaults_taking_the_gang_shopping, gammafunk_sealed_arena,
          nicolae_vaults_closet_pinwheel_1, nicolae_vaults_closet_pinwheel_6,
          vaults_room_pools, layout_vaults_ring, uniq_xtahua, uniq_mennas,
          uniq_donald

Skill      XL: |  1  2  3  4  5  6  7  8  9 10 11 12 13 |
---------------+----------------------------------------+-----
Shields        | 3 4 5 7 |  7.0
Armour         | 3 4 5 6 7 8 9 10 | 10.6
Polearms       | 2 3 4 5 7 8 9 11 12 13 | 13.4
Fighting       | 4 5 6 7 8 9 10 | 10.2
Dodging        | 1 2 3 4 |  4.0
Stealth        | 1 2 4 6 7 9 10 | 10.6
Unarmed Combat | |  0.1

Action                     |  1- 3 |  4- 6 |  7- 9 | 10-12 | 13-15 || total
---------------------------+-------+-------+-------+-------+-------++-------
  Melee: Trident           |   100 |   103 |   232 |   612 |   239 ||  1286
         Unarmed           |       |       |       |     4 |       ||     4
 Invoke: Heavenly Storm    |       |       |       |     1 |     1 ||     2
Ability: Whirlwind         |     1 |    21 |    61 |   119 |    48 ||   250
         Lunge             |       |     2 |    25 |    34 |    18 ||    79
         Wall Jump         |       |       |     2 |       |       ||     2
    Use: Scroll            |       |    11 |     9 |    14 |     3 ||    37
         Potion            |       |       |    16 |     9 |     3 ||    28
   Stab: Sleeping          |       |       |     2 |     1 |       ||     3
         Invisible         |       |       |     2 |       |       ||     2
 Armour: Scale mail        |    43 |    51 |   133 |    53 |       ||   280
         Skin              |       |       |    23 |     2 |       ||    25
         Plate armour      |       |       |       |   301 |   163 ||   464
  Dodge: Dodged            |    28 |    48 |    95 |   155 |    63 ||   389
  Block: Buckler           |    14 |    18 |    46 |    81 |     5 ||   164
         Kite shield       |       |       |       |       |   105 ||   105

Table legend: (Time is in decaauts)
 A = Elapsed time spent in this place.
 B = Non-inter-level travel time spent in this place.
 C = Inter-level travel time spent in this place.
 D = Time resting spent in this place.
 E = Time spent auto-exploring this place.
 F = Levels seen in this place.
 G = Mean time per level.
                   A        B        C        D        E       F      G
               +--------+--------+--------+--------+--------+-----+--------+
         Total |  20629 |  19845 |    784 |   8347 |   5907 |  17 | 1213.5 |
       Dungeon |  16911 |  16538 |    373 |   6371 |   5724 |  13 | 1300.8 |
        Temple |     96 |      4 |     92 |      0 |      0 |   1 |   96.0 |
        Vaults |   2569 |   2250 |    319 |   1209 |    148 |   2 | 1284.5 |
        Bailey |   1051 |   1051 |      0 |    767 |     35 |   1 | 1051.0 |
               +--------+--------+--------+--------+--------+-----+--------+

Top non-repeatable levels by time:
Vaults:1: 2548 daAuts
    D:10: 2322 daAuts
    D:13: 2147 daAuts
    D:12: 1938 daAuts
     D:8: 1767 daAuts
    D:11: 1389 daAuts
     D:4: 1230 daAuts
     D:6: 1197 daAuts
     D:5: 1088 daAuts
  Bailey: 1051 daAuts
     D:7: 1030 daAuts
     D:3: 866 daAuts
     D:9: 756 daAuts
     D:1: 715 daAuts
     D:2: 460 daAuts
